 Dungeon Crawl Stone Soup version 0.31.0-11-ge490571c62 (webtiles) character file.

Game seed: 3059180118142368885

16690 dialectric the Unseen (level 12, -3/72 (84) HPs)
             Began as an Octopode Delver on Jan 31, 2024.
             Was an Elder of Dithmenos.
             Killed from afar by Josephine (25 damage)
             ... with a ghostly fireball
             ... on level 11 of the Dungeon.
             The game lasted 00:21:00 (11950 turns).

dialectric the Unseen (Octopode Delver)            Turns: 11950, Time: 00:21:00

HP:   -3/72 (84)    AC:  5    Str: 12    XL:     12   Next: 40%
MP:   12/12         EV: 29    Int: 13    God:    Dithmenos [****..]
Gold: 600           SH:  5    Dex: 17    Spells: 11/11 levels left

rFire   . . .        i - +1 short sword (drain)
rCold   . . .        (no shield)
rNeg    . . .        (helmet restricted)
rPois   .            g - amulet of reflection
rElec   .            y - +5 ring of evasion
rCorr   .            D - +4 ring of protection
SInv    .            h - +5 ring of evasion
Will    +....        F - ring of willpower Stlth **++++++++
                     (no ring)
HPRegen 0.32/turn    (no ring)
MPRegen 0.13/turn    (no ring)
                     (no ring)

%: reflection
@: wreathed by umbra, heavily drained
A: almost no armour, amphibious, 8 rings, camouflage 1, gelatinous body 1,
(nimble swimmer 1), tentacles
a: Renounce Religion, Shadow Step


You were on level 11 of the Dungeon.
You worshipped Dithmenos.
Dithmenos was greatly pleased with you.
You visited 2 branches of the dungeon, and saw 13 of its levels.

You collected 600 gold pieces.

Inventory:

Hand Weapons
 i - a +1 short sword of draining (weapon)
 m - a +2 whip of pain
 K - the +10 dark maul {heavy}
   (You took it off a two-headed ogre on level 8 of the Dungeon)
Missiles
 E - 21 poisoned darts (quivered)
 I - a throwing net
 N - 6 curare-tipped darts
Armour
 a - a +0 tower shield
Jewellery
 g - an amulet of reflection (around mantle)
 h - a +5 ring of evasion (on tentacle)
 y - a +5 ring of evasion (left tentacle)
 D - a +4 ring of protection (right tentacle)
 F - a ring of willpower (on tentacle)
Talismans
 t - a serpent talisman
Wands
 f - a wand of digging (3)
 z - a wand of roots (18)
 A - a wand of flame (30)
 H - a wand of acid (9)
Scrolls
 b - a scroll of fog
 c - 3 scrolls of revelation
 d - 3 scrolls of fear
 j - 3 scrolls of enchant weapon {unknown}
 l - 4 scrolls of blinking
 o - 4 scrolls of silence {unknown}
 p - a scroll of brand weapon {unknown}
 q - 3 scrolls of enchant armour {unknown}
 r - 2 scrolls of immolation
 w - 2 scrolls of butterflies {unknown}
 C - 4 scrolls of teleportation {unknown}
 G - 2 scrolls of vulnerability {unknown}
 J - 4 scrolls of identify
 L - a scroll of noise {unknown}
 M - a scroll of poison {unknown}
 O - a scroll of amnesia {unknown}
Potions
 e - 3 potions of haste
 k - a potion of brilliance
 n - 3 potions of enlightenment
 s - 2 potions of degeneration
 u - 2 potions of ambrosia {unknown}
 v - 4 potions of curing
 x - a potion of lignification {unknown}
 B - 2 potions of berserk rage {unknown}
 P - a potion of resistance {unknown}


   Skills:
 + Level 8.4 Fighting
 - Level 6.0 Short Blades
 * Level 2.7 Throwing
 * Level 11.0 Dodging
 + Level 19.2 Stealth
 - Level 2.1 Shields
 + Level 0.7 Evocations


You had 11 spell levels left.
You didn't know any spells.
Your spell library contained the following spells:

 Spells                   Type           Power      Damage    Failure   Level
 Foxfire                  Conj/Fire      0%         2x1d4     30%         1
 Freeze                   Ice            0%         1d3       30%         1
 Kiss of Death            Conj/Necr      0%         2d5       30%         1
 Blink                    Tloc           0%         N/A       43%         2
 Lesser Beckoning         Tloc           0%         N/A       43%         2
 Momentum Strike          Conj/Tloc      0%         3d8       43%         2
 Scorch                   Fire           0%         2d5       43%         2
 Static Discharge         Conj/Air       0%         3-3/arc   43%         2
 Confusing Touch          Hex            0%         N/A       67%         3
 Frozen Ramparts          Ice            0%         1d1       67%         3
 Gell's Gravitas          Tloc           0%         N/A       67%         3
 Hailstorm                Conj/Ice       0%         3d5       67%         3
 Summon Ice Beast         Ice/Summ       0%         N/A       67%         3
 Teleport Other           Tloc           0%         N/A       67%         3
 Volatile Blastmotes      Fire/Tloc      0%         2d10      67%         3
 Airstrike                Air            0%         2d(0-16)  97%         4
 Dispel Undead            Necr           0%         3d6       97%         4
 Flame Wave               Conj/Fire      0%         2d4       97%         4
 Fulminant Prism          Conj/Alch      0%         3d5       97%         4
 Iskenderun's Mystic Bla  Conj/Tloc      0%         2d3       97%         4
 Summon Lightning Spire   Summ/Air       0%         N/A       97%         4
 Plasma Beam              Fire/Air       0%         2x1d10    100%        6
 Sculpt Simulacrum        Ice/Alch       0%         N/A       100%        6
 Starburst                Conj/Fire      0%         6d3       100%        6
 Summon Cactus Giant      Summ           0%         N/A       100%        6


Dungeon Overview and Level Annotations

Branches:
Dungeon (12/15)            Temple (1/1) D:4            Lair (0/5) D:8
    Orc: D:9-12

Altars:
Ashenzari
Cheibriados
Dithmenos
Elyvilon
Fedhas
Gozag
Hepliaklqana
Kikubaaqudgha
Makhleb
Nemelex Xobeh
Okawaru
Qazlal
Ru
Sif Muna
Trog
Uskayaw
Vehumet
Wu Jian
Xom
Yredelemnul
Zin
The Shining One

Shops:
D:3 [   D:6 [   D:9 [

Annotations:
D:4 1 runed translucent door, Vila42's ghost, weakling GrMo
D:7 Joseph
D:11 Josephine


Innate Abilities, Weirdness & Mutations

You cannot wear most types of armour.
You are amphibious.
You can wear up to eight rings at the same time.
Your skin changes colour to match your surroundings (Stealth+).
Your rubbery body absorbs attacks. (AC +1, EV +1)
((You are camouflaged when in or above water. (Stealth+)))
You have tentacles for arms and can constrict up to eight enemies at once.


Message History

You completely miss the wraith. You squeeze the wraith.
The wraith is lightly damaged.
The wraith completely misses you. The wraith hits you but does no damage.
You block the wraith's attack.
You hit the wraith. You squeeze the wraith.
The wraith is moderately damaged.
The wraith closely misses you. x2; The wraith misses you.
Josephine says, "I'll make a rug of your skin."
You hit the wraith.
The wraith is heavily damaged.
The wraith completely misses you. The wraith closely misses you.
Josephine casts a spell at you.
The ghostly flame explodes!
The ghostly fireball engulfs the wraith.
The wraith completely resists.
The ghostly fireball engulfs Josephine.
Josephine completely resists.
The ghostly fireball engulfs you!!
You feel drained.
The ghostly fireball engulfs the wraith.
The wraith completely resists.
The ghostly fireball engulfs the wraith.
The wraith completely resists.
The wraith misses you.
The yak bellows! x3
Unknown command.
The wraith attacks as it pursues you! The wraith closely misses you.
The wraith misses you. The wraith attacks as it pursues you!
The wraith closely misses you. The wraith attacks as it pursues you!
The wraith misses you. The wraith completely misses you. The wraith misses you.
The wraith completely misses you. The wraith attacks as it pursues you!
The wraith misses you. The wraith attacks as it pursues you!
The wraith misses you.
You feel yourself speed up. Josephine casts a spell at you.
The ghostly flame explodes!
The ghostly fireball engulfs you!!
You feel drained.
* * * LOW HITPOINT WARNING * * *
Josephine casts a spell at you.
The ghostly flame explodes!
The ghostly fireball engulfs you!!
You feel drained.
You die...

###...^..#.# #.#
#.# .##.##.#.#.#
#.# #.#
.##.##.#.#.#
#.###.##
....##.#.#.#
#.#....#
.#..##.#.#.#
#.#.####
.#..##...#.# #.#.#
........##.# #.#.#
........'..# #.#.#
........#### #.#@#
........# #.#.#
........# #.#.#
######.#######.#.#
.....#.........#.#
....Y###########@#
....WW....WW@..W.#
....WYY###########
...Y####


You could see Josephine and a wraith.

Vanquished Creatures
  Snorg (D:10)
  3 death yaks
  6 two-headed ogres
  Sonja (D:10)
  Pikel (D:9)
  2 cyclopes (D:8)
  A kobold demonologist (D:7)
  A troll (D:10)
  Grinder (D:3)
  3 wraiths
  A wyvern (D:10)
  Grum (D:9)
  15 yaks
  3 steam dragons
  A water moccasin (D:6)
  3 black bears
  4 sky beasts
  7 orc warriors
  5 ogres
  2 wolves (D:9)
  2 centaurs
  A lemure (D:9)
  2 kobold brigands
  4 bullfrogs
  3 scorpions
  17 wights
  13 killer bees
  2 electric eels (D:8)
  A bombardier beetle (D:6)
  5 hounds
  6 orc priests
  2 jellies
  2 sleepcaps
  2 iguanas
  Ijyb (D:4)
  A hell rat (D:8)
  9 orc wizards
  2 human simulacra (D:9)
  10 gnolls
  12 adders
  A shadow imp (D:8)
  A white imp (D:7)
  4 ufetubi
  A ribbon worm (D:3)
  4 dart slugs
  32 orcs
  6 ball pythons
  5 endoplasms
  5 giant cockroaches
  8 goblins
  5 hobgoblins
  2 jackals (D:2)
  4 quokkas
  4 bats
  A frilled lizard (D:2)
  13 kobolds
  7 rats
262 creatures vanquished.

Notes
Turn   | Place    | Note
-------+----------+-------------------------------------------
     0 | D:5      | dialectric the Octopode Delver began the quest for the Orb.
     0 | D:5      | Reached XP level 1. HP: 16/16 MP: 1/1
    49 | D:5      | Noticed a hound
    57 | D:5      | Killed a hound
    58 | D:5      | Reached skill level 7 in Stealth
    58 | D:5      | Reached XP level 2. HP: 21/21 MP: 2/2
    58 | D:5      | Reached XP level 3. HP: 26/26 MP: 3/3
    66 | D:5      | Reached skill level 8 in Stealth
   213 | D:5      | Reached XP level 4. HP: 14/30 MP: 4/4
   311 | D:4      | Noticed a scorpion
   318 | D:4      | Killed a scorpion
   319 | D:4      | Reached skill level 9 in Stealth
   319 | D:4      | Reached XP level 5. HP: 36/36 MP: 5/5
   404 | D:4      | Found a staircase to the Ecumenical Temple.
   414 | Temple   | Entered the Ecumenical Temple
   462 | Temple   | Reached skill level 10 in Stealth
   462 | Temple   | Reached XP level 6. HP: 13/42 MP: 6/6
   578 | D:4      | Noticed a black bear
   677 | D:3      | Found a basalt altar of Yredelemnul.
  1049 | D:3      | Found Pakus's Armour Emporium.
  1197 | D:3      | Noticed Grinder
  1201 | D:3      | Killed Grinder
  1202 | D:3      | Reached skill level 11 in Stealth
  1202 | D:3      | Reached skill level 1 in Shields
  1202 | D:3      | Reached XP level 7. HP: 46/46 MP: 7/7
  1764 | D:2      | Found a faded altar of an unknown god.
  2161 | D:2      | Identified the +2 sling of Bunnubol {antimagic, ^Contam
                  | rPois rN+++}
  3226 | D:4      | Noticed Ijyb
  3302 | D:5      | Reached skill level 12 in Stealth
  3373 | D:5      | Reached XP level 8. HP: 54/54 MP: 8/8
  3725 | D:4      | Found a hide-covered altar of Uskayaw.
  3756 | D:4      | Killed Ijyb
  3971 | D:4      | Found a runed translucent door.
  4352 | D:4      | Noticed Vila42's ghost (weakling GrMo)
  4424 | D:6      | Found a shadowy altar of Dithmenos.
  4428 | D:6      | Identified the +4 ring mail of the Slorg {Dex+4}
  4614 | D:5      | Reached skill level 13 in Stealth
  4731 | D:6      | Became a worshipper of Dithmenos the Shadowed
  5075 | D:6      | Found Oluprokh's Armour Shop.
  5362 | D:6      | Reached skill level 14 in Stealth
  5362 | D:6      | Reached XP level 9. HP: 58/58 MP: 9/9
  5580 | D:7      | Noticed a troll
  5585 | D:7      | Noticed a kobold demonologist
  5843 | D:7      | Reached skill level 5 in Short Blades
  5916 | D:8      | Noticed a death yak
  5918 | D:8      | Found a staircase to the Lair.
  5918 | D:8      | Noticed a death yak
  6058 | D:7      | Reached * piety under Dithmenos
  6097 | D:7      | Reached skill level 5 in Dodging
  6128 | D:7      | Found a glowing silver altar of Zin.
  6128 | D:7      | Found an iron altar of Okawaru.
  6131 | D:7      | Found a broken altar of Ashenzari.
  6135 | D:7      | Found a burning altar of Makhleb.
  6137 | D:7      | Found a blossoming altar of Fedhas.
  6138 | D:7      | Found a stormy altar of Qazlal.
  6139 | D:7      | Found a glowing golden altar of the Shining One.
  6336 | D:7      | Reached skill level 15 in Stealth
  6433 | D:7      | Killed a kobold demonologist
  6652 | D:8      | Noticed a two-headed ogre
  6669 | D:8      | Killed a two-headed ogre
  6670 | D:8      | Reached skill level 16 in Stealth
  6670 | D:8      | Reached XP level 10. HP: 30/65 MP: 10/10
  6785 | D:8      | Noticed a cyclops
  6790 | D:8      | Noticed a two-headed ogre
  6790 | D:8      | Noticed a two-headed ogre
  6993 | D:7      | Noticed Joseph
  7297 | D:8      | Found a white marble altar of Elyvilon.
  7313 | D:8      | Reached ** piety under Dithmenos
  7639 | D:8      | Reached skill level 17 in Stealth
  7674 | D:8      | Reached skill level 5 in Fighting
  7819 | D:8      | Noticed a death yak
  7886 | D:7      | Killed a death yak
  7981 | D:8      | Noticed a cyclops
  7988 | D:8      | Killed a cyclops
  8135 | D:8      | Reached XP level 11. HP: 62/72 MP: 11/11
  8346 | D:7      | Killed a death yak
  8413 | D:8      | Killed a cyclops
  8453 | D:8      | Killed a two-headed ogre
  8564 | D:8      | Killed a two-headed ogre
  8892 | D:8      | Found a shimmering altar of Xom.
  8894 | D:8      | Found a shimmering altar of Xom.
  9021 | D:8      | Killed a death yak
  9177 | D:8      | Found a shimmering altar of Xom.
  9179 | D:8      | Found a shimmering altar of Xom.
  9179 | D:8      | Found a shimmering altar of Xom.
  9179 | D:8      | Found a shimmering altar of Xom.
  9365 | D:9      | Reached skill level 18 in Stealth
  9387 | D:9      | Reached *** piety under Dithmenos
 10042 | D:9      | Noticed a two-headed ogre
 10066 | D:9      | Killed a two-headed ogre
 10128 | D:9      | Found Erghuhuas's Antique Armour Shop.
 10399 | D:9      | Noticed Pikel
 10406 | D:9      | Noticed Grum
 10427 | D:9      | Killed Pikel
 10436 | D:9      | Killed Grum
 10437 | D:9      | Reached skill level 10 in Dodging
 10626 | D:9      | Identified the +1 pair of boots of the Blessed Realm {Harm
                  | rN+ Int-4 SInv}
 10706 | D:10     | Entered Level 10 of the Dungeon
 10772 | D:10     | Reached skill level 1 in Throwing
 10852 | D:10     | Reached XP level 12. HP: 83/83 MP: 12/12
 10951 | D:10     | Noticed Snorg
 10956 | D:10     | Killed Snorg
 10956 | D:10     | Reached **** piety under Dithmenos
 10968 | D:10     | Identified the +1 hand axe of the Spider Nest {freeze,
                  | rPois Str+2}
 11290 | D:10     | Found a radiant altar of Vehumet.
 11446 | D:10     | Noticed Sonja
 11449 | D:10     | Killed Sonja
 11569 | D:11     | Noticed a two-headed ogre
 11586 | D:11     | Killed a two-headed ogre
 11710 | D:11     | Reached skill level 19 in Stealth
 11755 | D:12     | Noticed a two-headed ogre
 11760 | D:12     | Killed a two-headed ogre
 11920 | D:11     | Noticed Josephine
 11950 | D:11     | Killed from afar by Josephine

Illustrated notes

Levels and vault maps discovered:
D:1:      kennysheep_arrival_seaside, layout_basic
D:2:      layout_basic, basic_ecumenical_altar
D:3:      layout_loops_corners, old_standard_altar, serial_shops,
          nicolae_shop_back_alley_shop, uniq_grinder
D:4:      layout_cave_pods, nicolae_uskayaw_dance_hall,
          minmay_temple_entry_grid, ebering_ghost_inner_flame,
          nrook_loot_triangle, uniq_ijyb
D:5:      layout_basic, corexii_item_surrounded_by_moat, nicolae_eternal_life,
          kennysheep_generic_room_2
D:6:      wander_river, layout_gridville, lemuel_crystal_altar, serial_shops,
          nicolae_inconvenience_store
D:7:      cheibrodos_fzero, layout_basic, minitemple, abandoned_shop,
          uniq_joseph
D:8:      layout_basic, nicolae_elyvilon_temple_path, xom_redecorated,
          dpeg_lair_monsters, hellmonk_guarded_unrand_dark_maul
D:9:      layout_basic, serial_shops, shop, bh_circular_ruins, uniq_grum,
          uniq_pikel
D:10:     layout_gridville, vehumet_crystals, eino_jars, uniq_sonja, uniq_snorg
D:11:     layout_basic, uniq_josephine
D:12:     layout_cave_pools, erik_orc_3, kennysheep_generic_room_10, uniq_azrael
Temple:   grunt_temple_mini_profane

Skill      XL: |  1  2  3  4  5  6  7  8  9 10 11 12 |
---------------+-------------------------------------+-----
Stealth        | 7 8 9 10 11 12 14 16 17 18 19 | 19.2
Short Blades   | 3 4 5 6 |  6.0
Shields        | 1 2 |  2.1
Dodging        | 4 6 8 10 11 | 11.0
Fighting       | 4 6 8 |  8.4
Throwing       | 1 2 |  2.7
Evocations     | |  0.7

Action                     |  1- 3 |  4- 6 |  7- 9 | 10-12 || total
---------------------------+-------+-------+-------+-------++-------
  Melee: Short sword       |    19 |    32 |   327 |   584 ||   962
         Tentacles         |     5 |     5 |    86 |   192 ||   288
         Constrict         |     4 |     7 |    54 |    49 ||   114
         Punch             |       |     1 |     6 |    13 ||    20
  Throw: Throwing net      |       |       |     2 |       ||     2
  Evoke: Wand              |       |       |     2 |       ||     2
    Use: Scroll            |       |       |     6 |     2 ||     8
         Potion            |       |       |     1 |     1 ||     2
   Stab: Sleeping          |     5 |     9 |    40 |    36 ||    90
         Distracted        |       |       |     2 |     2 ||     4
 Armour: Skin              |     6 |     8 |   104 |   105 ||   223
  Dodge: Dodged            |     4 |    13 |   210 |   320 ||   547
  Block: Other             |     3 |     6 |    51 |    66 ||   126
         Reflection        |       |       |     5 |       ||     5
